 Dungeon Crawl Stone Soup version 0.23-a0-151-gf6d1ed2 (webtiles) character file.

17170 Amnesiac the Eclecticist (level 12, -1/72 HPs)
             Began as a Spriggan Transmuter on Sept 9, 2018.
             Was a High Priest of Sif Muna.
             Slain by a torpor snail (7 damage)
             ... on level 2 of the Lair of Beasts.
             The game lasted 00:30:14 (12130 turns).

Amnesiac the Eclecticist (Spriggan Transmuter)     Turns: 12130, Time: 00:30:15

Health: -1/72      AC:  8    Str:  8    XL:     12   Next: 16%
Magic:  31/33      EV: 17    Int: 19    God:    Sif Muna [*****.]
Gold:   489        SH:  0    Dex: 20    Spells: 7/43 levels left

rFire    x . .     SeeInvis +     - Unarmed
rCold    + + +     Gourm    .   (shield currently unavailable)
rNeg     . . .     Faith    .   (armour currently unavailable)
rPois    +         Spirit   .   (helmet currently unavailable)
rElec    .         Reflect  .   (cloak currently unavailable)
rCorr    .         Harm     .   (gloves unavailable)
MR       ++...                  (boots unavailable)
Stlth    ++........             C - amulet of regeneration
HPRegen  0.62/turn              f - +2 ring of slaying
MPRegen  0.23/turn              c - +3 ring of dexterity

@: ice-form, slowed, divine energy, very slow
A: large, unfitting armour, see invisible, herbivore, slow metabolism 2, strong
1
a: End Transformation, Stop Divine Energy, Channel Magic, Forget Spell, Renounce
Religion


You were on level 2 of the Lair of Beasts.
You worshipped Sif Muna.
Sif Muna was extremely pleased with you.
You were not hungry.
You were a creature of crystalline ice.
You visited 2 branches of the dungeon, and saw 11 of its levels.

You collected 489 gold pieces.

Inventory:

Hand Weapons
 z - a +3 dagger of distortion
Missiles
 a - 122 arrows (quivered)
Armour
 q - a +1 cloak (melded)
 x - the +1 robe of Xurch (melded) {rF- Str+7 Int+8}
   (You found it on level 6 of the Dungeon)

   It affects your strength (+7).
   It affects your intelligence (+8).
   It makes you vulnerable to fire.
 y - a +1 robe of fire resistance
 F - a +2 robe of cold resistance
Jewellery
 c - a +3 ring of dexterity (right front paw)
 f - a +2 ring of slaying (left front paw)
 u - a +2 ring of strength
 C - an amulet of regeneration (around neck)
Wands
 l - a wand of random effects (7)
 n - a wand of paralysis (12)
 s - a wand of scattershot (6)
 v - a wand of enslavement (25)
 w - a wand of digging (13)
 B - a wand of polymorph (14)
 D - a wand of disintegration (14)
 G - a wand of acid (12)
Scrolls
 e - 2 scrolls of blinking {!r}
 i - 10 scrolls of remove curse {!r}
 j - 7 scrolls of teleportation {!r}
 m - 4 scrolls of fog {!r}
 o - 2 scrolls of magic mapping {!r}
 r - 5 scrolls of identify {!r}
Potions
 b - a potion of berserk rage {!q}
 g - a potion of magic {!q}
 h - a potion of mutation {!q}
 k - a potion of flight {!q}
 p - 2 potions of cancellation {!q}
 t - a potion of might {!q}
 A - a potion of heal wounds {!q}
 E - a potion of curing {!q}
Miscellaneous
 H - a lightning rod (4/4)
Comestibles
 d - a ration


   Skills:
 - Level 5.0 Fighting
 - Level 10.0 Dodging
 - Level 5.4 Unarmed Combat
 - Level 16.0 Spellcasting
 + Level 12.4 Transmutations


You had 7 spell levels left.
You knew the following spells:

 Your Spells              Type           Power        Failure   Level  Hunger
a - Blade Hands           Tmut           ######....   1%          5    ###....
b - Sticks to Snakes      Tmut           ######..     1%          2    None
c - Yara's Violent Unrav  Hex/Tmut       #####.....   9%          5    ###....
d - Petrify               Tmut/Erth      #####...     3%          4    None
e - Mephitic Cloud        Conj/Pois/Air  ###.....     12%         3    None
f - Summon Lightning Spi  Summ/Air       ###.....     36%         4    None
g - Ice Form              Ice/Tmut       #####...     3%          4    None
r - Regeneration          Chrm/Necr      ###.......   12%         3    None
s - Conjure Flame         Conj/Fire      ###.....     12%         3    None
v - Blink                 Tloc           N/A          6%          2    None
z - Confusing Touch       Hex            ###...       4%          1    None

Your spell library contained the following spells:

 Spells                   Type           Power        Failure   Level  Hunger
 Beastly Appendage        Tmut           ######       1%          1    None
 Spider Form              Tmut/Pois      #####.....   1%          3    None
 Animate Skeleton         Necr           N/A          4%          1    None
 Corona                   Hex            ###....      4%          1    None
 Magic Dart               Conj           ###.         4%          1    None
 Pain                     Necr           ###.         4%          1    None
 Call Imp                 Summ           ###.....     6%          2    None
 Ensorcelled Hibernation  Hex/Ice        ###...       6%          2    None
 Slow                     Hex            ###.....     6%          2    None
 Confuse                  Hex            ###.....     12%         3    None
 Dazzling Spray           Conj/Hex       ###...       12%         3    None
 Gell's Gravitas          Tloc           ###.......   12%         3    None
 Inner Flame              Hex/Fire       ###.....     12%         3    None
 Tukima's Dance           Hex            ###.....     12%         3    None
 Vampiric Draining        Necr           ###.......   12%         3    None
 Animate Dead             Necr           N/A          36%         4    None
 Excruciating Wounds      Chrm/Necr      ###.......   73%         5    ###....
 Metabolic Englaciation   Hex/Ice        ###.......   73%         5    ###....
 Summon Mana Viper        Hex/Summ       ###.....     73%         5    ###....
 Conjure Ball Lightning   Conj/Air       ###.......   99%         6    #####..
 Poison Arrow             Conj/Pois      ###.......   99%         6    #####..
 Summon Greater Demon     Summ           ###.......   100%        7    ######.
 Necromutation            Tmut/Necr      #####.....   100%        8    #######


Dungeon Overview and Level Annotations

Branches:
Dungeon (9/15)             Temple (0/1) D:5            Lair (2/6) D:8
 Shoals (0/4) Lair:2
  Snake: Lair:2-4    Spider: Lair:2-4       Orc: D:9-12

Altars:
Cheibriados
Dithmenos
Elyvilon
Fedhas
Hepliaklqana
Kikubaaqudgha
Nemelex Xobeh
Okawaru
Qazlal
Ru
Sif Muna
Trog
Wu Jian
Xom
Yredelemnul

Shops:
D:6 %   D:7 [   D:8 [


Innate Abilities, Weirdness & Mutations

You are very small and have problems with some larger weapons.
You are too small for most types of armour.
You have supernaturally acute eyesight. (SInv)
You are a herbivore.
((You cover ground extremely quickly.))
You need to consume almost no food.
((You are partially covered in icy blue scales. (AC +2)))
Your muscles are strong. (Str +2)


Message History

Your lightning spire appears unharmed.
You hit the five-headed hydra but do no damage.
The five-headed hydra appears confused.
The five-headed hydra is moderately wounded.
The five-headed hydra closely misses you. x2
The five-headed hydra barely misses you.
The five-headed hydra bites you.
The five-headed hydra completely misses you.
You punch the five-headed hydra!
The five-headed hydra seems to slow down.
You freeze the five-headed hydra.
The five-headed hydra is heavily wounded.
Your lightning spire shoots out a bolt of lightning at the five-headed hydra!
The bolt of electricity hits the five-headed hydra. x2
The bolt of electricity hits your lightning spire.
Your lightning spire completely resists.
You hit the five-headed hydra.
The five-headed hydra seems to slow down.
You freeze the five-headed hydra.
The five-headed hydra is severely wounded.
Your lightning spire shoots out a bolt of lightning at the five-headed hydra!
The bolt of electricity hits the five-headed hydra. x2
The five-headed hydra dies!
Sif Muna accepts your kill.
The bolt of electricity hits your lightning spire.
Your lightning spire completely resists.
HP restored.
A torpor snail comes into view.
Being near the torpor snail leaves you feeling lethargic.
A torpor snail is nearby!
A torpor snail is nearby!
A torpor snail is nearby!
The torpor snail completely misses you. The torpor snail bites you!
You hit the torpor snail. You freeze the torpor snail.
The torpor snail is lightly wounded.
The torpor snail bites you!
You hit the torpor snail but do no damage.
The torpor snail is lightly wounded.
You punch the torpor snail! You freeze the torpor snail.
The torpor snail is moderately wounded.
The torpor snail bites you!
You punch the torpor snail! You freeze the torpor snail.
The torpor snail is moderately wounded.
The torpor snail closely misses you.
You punch the torpor snail! You freeze the torpor snail.
The torpor snail is severely wounded.
The torpor snail bites you!
* * * LOW HITPOINT WARNING * * *
You hit the torpor snail but do no damage.
The torpor snail is severely wounded.
The torpor snail bites you!
* * * LOW HITPOINT WARNING * * *
You hit the torpor snail but do no damage.
The torpor snail is severely wounded.
The torpor snail bites you!!
* * * LOW HITPOINT WARNING * * *
You hit the torpor snail but do no damage.
The torpor snail is severely wounded.
The torpor snail closely misses you.
Unknown command.
You punch the torpor snail! You freeze the torpor snail.
The torpor snail is almost dead.
The torpor snail bites you!
You die...

.........###
......#.........## .........#
.................## ....######
#. ##≈..#...##...# ...## #..
##......##...## .÷.# #..
#..#.###.....# #.÷# #..#
#....# ##....# ##.#
#..≈##..#.# #...## ##.#
##........# #...# #..#
#...wY..#.####...# #..#
#.#.#....#.#.#....# ##.##
#(..########.#.#...# #..##
#.$# #.......# ##.#.# ###
####.......# #P...##
#########....8.....##
..P..........................#
......................†......#
.....##P.##.###..#########<.##


You could see a torpor snail.

Vanquished Creatures
  Erica (Lair:2)
  A two-headed ogre (D:9)
  Psyche (D:8)
  5 elephants (Lair:2)
  7 spiny frogs
  3 rime drakes
  3 blink frogs (Lair:1)
  A slime creature (D:6)
  A snapping turtle (Lair:2)
  A hippogriff (Lair:2)
  3 wyverns
  17 yaks
  2 basilisks
  Menkaure (D:7)
  7 water moccasins
  2 porcupines (Lair:2)
  2 ice beasts
  2 orc warriors
  2 sky beasts
  3 phantoms
  A black bear (D:8)
  3 ogres
  A centaur (D:8)
  5 crocodiles
  Blork the orc (D:4)
  5 bullfrogs
  5 big kobolds
  A scorpion (D:4)
  5 killer bees (D:7)
  6 electric eels
  3 howler monkeys (D:8)
  4 crimson imps
  5 hounds
  9 jellies
  2 orc priests
  Crazy Yiuf (D:5)
  A bullfrog skeleton (D:5)
  2 centaur skeletons (D:7)
  Ijyb (D:5)
  7 orc wizards
  6 worker ants
  10 adders
  9 gnolls
  2 shadow imps
  4 oozes
  An adder skeleton (D:4)
  An adder zombie (D:7)
  5 worms
  6 dart slugs
  5 leopard geckos
  26 orcs
  A ball python (D:7)
  5 bats
  3 giant cockroaches
  7 goblins
  6 hobgoblins
  6 jackals
  13 kobolds
  3 quokkas
  4 frilled lizards
  A quokka skeleton (D:7)
  11 rats
  A plant (Lair:1)
269 creatures vanquished.

Vanquished Creatures (collateral kills)
  3 hydras
  A black mamba (Lair:2)
  A water moccasin (Lair:2)
  An ogre (D:4)
  2 worker ants (D:4)
  3 leopard geckos (D:4)
  An orc (D:4)
  A hobgoblin (D:3)
  A rat (D:4)
14 creatures vanquished.

Vanquished Creatures (others)
  13 fungi
  4 plants
  4 toadstools (D:6)
21 creatures vanquished.

Grand Total: 304 creatures vanquished

Notes
Turn   | Place    | Note
-------+----------+-------------------------------------------
     0 | D:1      | Amnesiac the Spriggan Transmuter began the quest for the
                  | Orb.
     0 | D:1      | Reached XP level 1. HP: 9/9 MP: 5/5
   123 | D:1      | Reached skill level 3 in Spellcasting
   163 | D:1      | Reached XP level 2. HP: 13/14 MP: 5/7
   167 | D:1      | Learned a level 2 spell: Sticks to Snakes
   759 | D:4      | Learned a level 1 spell: Confusing Touch
   796 | D:4      | Noticed a scorpion
   835 | D:4      | Killed a scorpion
   835 | D:4      | Reached skill level 4 in Spellcasting
   835 | D:4      | Reached XP level 3. HP: 11/17 MP: 6/10
   835 | D:4      | Reached XP level 4. HP: 14/21 MP: 6/11
   841 | D:4      | Found a blossoming altar of Fedhas.
   841 | D:4      | Noticed an ogre
   950 | D:4      | You fall through a shaft!
   950 | D:5      | Entered Level 5 of the Dungeon
   978 | D:4      | Found a deep blue altar of Sif Muna.
   984 | D:4      | Became a worshipper of Sif Muna the Loreminder
  1087 | D:4      | Reached skill level 5 in Spellcasting
  1150 | D:4      | Reached XP level 5. HP: 20/25 MP: 11/14
  1166 | D:4      | Learned a level 5 spell: Blade Hands
  1269 | D:4      | Killed an ogre
  1269 | D:4      | Reached skill level 5 in Transmutations
  1511 | D:3      | Found a snail-covered altar of Cheibriados.
  1645 | D:4      | Found a deep blue altar of Sif Muna.
  1703 | D:4      | HP: 1/25 [leopard gecko (5)]
  1707 | D:4      | Reached XP level 6. HP: 14/29 MP: 11/15
  1739 | D:4      | Reached * piety under Sif Muna
  1760 | D:4      | HP: 1/29 [worker ant (4)]
  2896 | D:1      | You fall through a shaft!
  3413 | D:3      | Found a faded altar of an unknown god.
  3428 | D:3      | Gained mutation: You are partially covered in icy blue
                  | scales. (AC +2) [potion of mutation]
  3428 | D:3      | Gained mutation: Your muscles are strong. (Str +2) [potion
                  | of mutation]
  3473 | D:3      | Learned a level 5 spell: Yara's Violent Unravelling
  3521 | D:3      | Reached ** piety under Sif Muna
  3634 | D:3      | Reached skill level 6 in Spellcasting
  3637 | D:3      | Reached XP level 7. HP: 28/32 MP: 9/17
  3845 | D:4      | Found a basalt altar of Yredelemnul.
  3845 | D:4      | Found an iron altar of Okawaru.
  3847 | D:4      | Found a shadowy altar of Dithmenos.
  3847 | D:4      | Found a snail-covered altar of Cheibriados.
  3847 | D:4      | Found a shimmering altar of Xom.
  3887 | D:5      | Found a shimmering altar of Xom.
  3887 | D:5      | Noticed Blork the orc
  3887 | D:5      | Noticed Ijyb
  3894 | D:4      | Killed Blork the orc
  3933 | D:5      | Found a staircase to the Ecumenical Temple.
  3949 | D:5      | Reached skill level 7 in Spellcasting
  4045 | D:5      | Killed Ijyb
  4067 | D:5      | Reached skill level 8 in Spellcasting
  4205 | D:5      | Found a runed door.
  4452 | D:5      | Noticed Crazy Yiuf
  4746 | D:6      | Found an ancient bone altar of Kikubaaqudgha.
  4760 | D:6      | Found an iron altar of Okawaru.
  4809 | D:6      | Found a sacrificial altar of Ru.
  4907 | D:5      | Killed Crazy Yiuf
  4931 | D:6      | Reached *** piety under Sif Muna
  4931 | D:6      | Reached skill level 9 in Spellcasting
  4931 | D:6      | Reached XP level 8. HP: 26/37 MP: 17/22
  4983 | D:6      | Got a shimmering robe
  4994 | D:6      | Identified the cursed +1 robe of Xurch {rF- Str+7 Int+8}
                  | (You found it on level 6 of the Dungeon)
  5005 | D:6      | Found Yremanif's Food Boutique.
  5108 | D:6      | Reached skill level 10 in Spellcasting
  5188 | D:6      | Reached skill level 11 in Spellcasting
  5225 | D:6      | Noticed a slime creature
  5423 | D:6      | Killed a slime creature
  5423 | D:6      | Reached skill level 12 in Spellcasting
  5433 | D:6      | Reached XP level 9. HP: 24/40 MP: 21/26
  5641 | D:7      | Reached **** piety under Sif Muna
  5863 | D:7      | Noticed Menkaure
  5871 | D:7      | Killed Menkaure
  6074 | D:7      | You fall through a shaft for 2 floors!
  6076 | D:9      | Found a white marble altar of Elyvilon.
  6143 | D:9      | Reached skill level 13 in Spellcasting
  6155 | D:9      | Reached skill level 5 in Dodging
  6429 | D:9      | Noticed a two-headed ogre
  6443 | D:9      | Killed a two-headed ogre
  6680 | D:8      | Found a staircase to the Lair.
  6695 | D:8      | Reached skill level 10 in Dodging
  6720 | D:8      | Reached XP level 10. HP: 44/44 MP: 28/28
  6736 | D:8      | Noticed Psyche
  6746 | Lair:1   | Entered Level 1 of the Lair of Beasts
  7071 | D:8      | Killed Psyche
  7111 | D:8      | Found Zaovey's Armour Shoppe.
  7135 | D:8      | Reached skill level 14 in Spellcasting
  7160 | D:8      | Learned a level 2 spell: Blink
  7164 | D:8      | Learned a level 3 spell: Conjure Flame
  7168 | D:8      | Learned a level 3 spell: Mephitic Cloud
  7173 | D:8      | Learned a level 4 spell: Petrify
  7193 | D:8      | Reached ***** piety under Sif Muna
  7425 | D:8      | Identified Yhiafel's Almanac of Creative Attacks (Sif Muna
                  | gifted it to you on level 8 of the Dungeon)
  7425 | D:8      | Received a gift from Sif Muna
  7659 | D:7      | Found an ornate altar of the Wu Jian Council.
  7974 | D:7      | Found Uclaricw's Antique Armour Emporium.
  8194 | D:7      | Found a shadowy altar of Dithmenos.
  8194 | D:7      | Found a hazy altar of Hepliaklqana.
  8194 | D:7      | Found a bloodstained altar of Trog.
  8219 | D:7      | Found a sparkling altar of Nemelex Xobeh.
  8338 | D:8      | Reached skill level 15 in Spellcasting
  8512 | D:8      | Found a basalt altar of Yredelemnul.
  8870 | D:9      | Noticed a two-headed ogre
  9522 | Lair:1   | Noticed a spiny frog
  9529 | Lair:1   | Killed a spiny frog
  9529 | Lair:1   | Reached skill level 16 in Spellcasting
  9534 | Lair:1   | Reached skill level 1 in Fighting
  9543 | Lair:1   | Found a stormy altar of Qazlal.
  9687 | Lair:1   | Noticed a six-headed hydra
  9800 | Lair:2   | Found a staircase to the Shoals.
  9847 | Lair:2   | Noticed a spiny frog
  9854 | Lair:2   | Killed a spiny frog
  9854 | Lair:2   | Reached XP level 11. HP: 50/50 MP: 29/32
  9936 | Lair:2   | HP: 2/51 [spiny frog (14)]
 10252 | Lair:2   | Noticed a five-headed hydra
 10273 | Lair:2   | Learned a level 3 spell: Regeneration
 10305 | Lair:2   | Killed a five-headed hydra
 10445 | Lair:2   | Reached skill level 5 in Fighting
 10670 | Lair:2   | Reached skill level 5 in Unarmed Combat
 10798 | Lair:2   | Learned a level 4 spell: Summon Lightning Spire
 10803 | Lair:2   | Learned a level 4 spell: Ice Form
 10825 | Lair:2   | Noticed Erica
 10834 | Lair:2   | Killed Erica
 11081 | Lair:2   | Noticed a four-headed hydra
 11238 | Lair:1   | Identified Sif Muna's Volume of Ignition and Dark Rituals
                  | (Sif Muna gifted it to you on level 1 of the Lair of
                  | Beasts)
 11238 | Lair:1   | Received a gift from Sif Muna
 11238 | Lair:1   | Reached skill level 10 in Transmutations
 11505 | Lair:1   | Reached XP level 12. HP: 60/60 MP: 27/33
 11602 | Lair:1   | Killed a six-headed hydra
 12108 | Lair:2   | Killed a five-headed hydra
 12127 | Lair:2   | HP: 3/72 [torpor snail (19)]
 12130 | Lair:2   | Slain by a torpor snail

Vault maps used:
D:1:      dpeg_arrival_short_road, st_stairs_9
D:2:      grunt_ministairs_14, minmay_misc_feat_alley, serial_bayou_pond_a,
          hangedman_abyss_or_decor_lesser_grid
D:3:      kennysheep_slug_shrine, chequers_ecumenical_altar_island
D:4:      doesnt_xom_only_xom, led_sif_pool, gup_sewer_entry_bubbles,
          first_ration, fedhas_altar_1
D:5:      temple_fountains, basic_altar, kennysheep_cross_room,
          serial_park_tiny_pond, uniq_ijyb, uniq_crazy_yiuf_cottage,
          uniq_blork_the_orc
D:6:      cheibrodos_fertilizer, nicolae_ru_path_of_blood, minitemple,
          serial_shops, shop
D:7:      kennysheep_mini, gammafunk_temple_overflow_claw, serial_shops,
          nicolae_shop_trees, fountainhead, nemelex_altar_shiori, uniq_menkaure
D:8:      nicolae_overflow_hidden_temple, lair_entry_dummy, serial_shops, shop,
          uniq_psyche
D:9:      lemuel_crystal_altar, elyvilon_altar_4, uniq_joseph
Lair:1:   basic_altar, wad_woods_river_02, minivault_19
Lair:2:   minmay_shoals_entry_hut, hangedman_lair_generics_rect, uniq_erica

Skill      XL: |  1  2  3  4  5  6  7  8  9 10 11 12 |
---------------+-------------------------------------+-----
Spellcasting   | 3 4 5 6 9 12 13 16 | 16.0
Transmutations | 3 4 6 8 11 12 | 12.4
Dodging        | 10 | 10.0
Fighting       | 2 5 |  5.0
Unarmed Combat | 5 |  5.4

Action                   |  1- 3 |  4- 6 |  7- 9 | 10-12 || total
-------------------------+-------+-------+-------+-------++-------
Melee: Unarmed           |    78 |   240 |   204 |   371 ||   893
       Kick              |    15 |     5 |       |       ||    20
       Headbutt          |     3 |     7 |       |       ||    10
       Punch             |     2 |     1 |     4 |     6 ||    13
 Cast: Beastly Appendage |    14 |     4 |       |       ||    18
       Confusing Touch   |     3 |    19 |       |     4 ||    26
       Sticks to Snakes  |     1 |    13 |     1 |    15 ||    30
       Blade Hands       |       |    14 |    22 |    44 ||    80
       Yara's Violent Un |       |       |       |     2 ||     2
       Ice Form          |       |       |       |     2 ||     2
       Summon Lightning  |       |       |       |     1 ||     1
Invok: Divine Energy     |       |     1 |       |       ||     1
 Abil: End Transformatio |       |       |       |     1 ||     1
  Use: Potion            |     1 |     6 |       |     2 ||     9
       Scroll            |       |    16 |     2 |     1 ||    19
 Stab: Confused          |     5 |     7 |       |       ||    12
       Sleeping          |       |     3 |     1 |     3 ||     7
       Distracted        |       |       |       |     1 ||     1
  Eat: Ration            |       |     3 |     5 |     3 ||    11
Armor: Robe              |    10 |    23 |    22 |    25 ||    80
       Skin              |       |       |       |     1 ||     1
Dodge: Dodged            |    80 |   210 |   132 |   325 ||   747

Table legend:
 A = Non-vault XP
 B = Vault XP
 C = Vault XP percentage of total XP
 D = Non-vault monster count
 E = Vault monster count
 F = Vault count percentage of total count
                 A         B        C        D         E       F
            +---------+---------+-------+---------+---------+-------
      Total |   20282 |    4247 |  17.3 |     242 |      40 |  14.2
            +---------+---------+-------+---------+---------+-------
        D:1 |      34 |       3 |   8.1 |      17 |       2 |  10.5
        D:2 |     100 |       7 |   6.5 |      21 |       2 |   8.7
        D:3 |     276 |       3 |   1.1 |      31 |       1 |   3.1
        D:4 |     305 |     112 |  26.9 |      14 |       8 |  36.4
        D:5 |     372 |      78 |  17.3 |      10 |       2 |  16.7
        D:6 |     718 |     876 |  55.0 |      20 |      16 |  44.4
        D:7 |    1352 |     175 |  11.5 |      27 |       1 |   3.6
        D:8 |    1766 |     454 |  20.5 |      31 |       1 |   3.1
        D:9 |    1923 |       2 |   0.1 |      16 |       1 |   5.9
     Lair:1 |    6360 |     105 |   1.6 |      27 |       1 |   3.6
     Lair:2 |    7076 |    2432 |  25.6 |      28 |       5 |  15.2
            +---------+---------+-------+---------+---------+-------
